 Dungeon Crawl Stone Soup version 0.29-a0-330-g52719c12eb (webtiles) character file.

Game seed: 14246906755433041291

414 Argons the Ruffian (level 6, -8/48 HPs)
             Began as a Ghoul Fire Elementalist on Apr 24, 2022.
             Mangled by an ogre
             ... wielding a +0 giant club
              (15 damage)
             ... on level 4 of the Dungeon.
             The game lasted 00:21:14 (6050 turns).

Argons the Ruffian (Ghoul Fire Elementalist)        Turns: 6050, Time: 00:21:14

Health: -8/48      AC:  5    Str: 14    XL:     6   Next: 91%
Magic:  3/7        EV: 12    Int: 10    God:
Gold:   245        SH:  0    Dex:  9    Spells: 5/8 levels left

rFire   . . .      SeeInvis .     - Unarmed
rCold   + . .      Faith    .   (no shield)
rNeg    + + +      Spirit   .   a - +0 robe
rPois   ∞          Reflect  .   d - +0 helmet
rElec   .          Harm     .   o - +0 cloak
rCorr   .          Rampage  .   (no gloves)
Will    .....                   g - +0 pair of boots
Stlth   ++........              (no amulet)
HPRegen 0.00/turn               p - ring of wizardry
MPRegen 0.10/turn               (no ring)

@: very slightly contaminated, inhibited regen
A: claws 1, cold resistance 1, negative energy resistance 3, inhibited
regeneration, torment resistance 2, devour on kill
a: no special abilities


You were on level 4 of the Dungeon.
You visited 1 branch of the dungeon, and saw 4 of its levels.

You collected 245 gold pieces.

Inventory:

Armour
 a - a +0 robe (worn)
 c - a +2 leather armour of poison resistance
 d - a +0 helmet (worn)
 g - a +0 pair of boots (worn)
 o - a +0 cloak (worn)
 r - the -2 helmet of the Pits of Slime {+Blink rPois Str+2}
   (You took it off Robin on level 3 of the Dungeon)

   Str:       It affects your strength (+2).
   rPois:     It protects you from poison.
   +Blink:    It lets you blink.
Jewellery
 n - an amulet of faith
 p - a ring of wizardry (left claw)
Wands
 q - a wand of polymorph (5)
Scrolls
 f - a scroll of amnesia
 i - 2 scrolls of enchant armour
 k - a scroll of magic mapping {unknown}
 m - a scroll of summoning {unknown}
 s - a scroll of vulnerability {unknown}
Potions
 b - a potion of magic
 e - 4 potions of heal wounds
 h - 3 potions of cancellation
 j - 6 potions of curing
 l - 3 potions of attraction
 t - 3 potions of flight {unknown}


   Skills:
 - Level 2.0 Fighting
 - Level 1.7 Dodging
 - Level 2.1 Stealth
 + Level 7.0 Unarmed Combat
 - Level 1.7 Spellcasting
 - Level 0.7 Conjurations
 - Level 2.4 Fire Magic


You had 5 spell levels left.
You knew the following spells:

 Your Spells              Type           Power      Damage    Failure   Level
a - Foxfire               Conj/Fire      16%        2x1d4     7%          1
b - Scorch                Fire           10%        2d5       8%          2

Your spell library contained the following spells:

 Spells                   Type           Power      Damage    Failure   Level
 Magic Dart               Conj           8%         1d3       10%         1
 Searing Ray              Conj           4%         2d4       16%         2
 Conjure Flame            Conj/Fire      4%         6-21      21%         3
 Inner Flame              Hex/Fire       3%         N/A       24%         3
 Flame Wave               Conj/Fire      4%         2d5       52%         4
 Fulminant Prism          Conj/Hex       0%         3d6       69%         4


Dungeon Overview and Level Annotations

Branches:
Dungeon (4/15)
 Temple: D:4-7

Altars:
Xom

Annotations:
D:4 Grinder


Innate Abilities, Weirdness & Mutations

You are immune to poison.
You have sharp fingernails.
Your flesh is cold resistant. (rC+)
You are immune to negative energy. (rN+++)
You do not regenerate when monsters are visible.
You are immune to unholy pain and torment.
You thrive by killing the living.


Message History

You open the door.
There is an open door here.
You open the door.
Found 7 gold pieces.
Found a stone staircase leading down.
There is an open door here.
An ogre comes into view. It is wielding a +0 giant club.
Found 2 potions of curing.
There is an open door here.
There is an open door here.
Casting: Scorch (safe; 8% risk of failure)
Confirm with . or Enter, or press ? or * to list all spells.
Flames lash the ogre.
The ogre is lightly wounded.
The ogre's fire resistance burns away.
Casting: Scorch (safe; 8% risk of failure)
Confirm with . or Enter, or press ? or * to list all spells.
You miscast Scorch.
You are very lightly contaminated with residual magic.
Nothing appears to happen.
You scratch the ogre but do no damage.
The ogre is lightly wounded.
The ogre hits you with a +0 giant club!
You scratch the ogre.
The ogre is moderately wounded.
You scratch the ogre.
The ogre is heavily wounded.
The ogre hits you with a +0 giant club!!
Ouch! That really hurt!
* * * LOW HITPOINT WARNING * * *
You barely miss the ogre.
The ogre is heavily wounded.
The ogre is no longer more vulnerable to fire.
You claw the ogre!
The ogre is almost dead.
The ogre misses you.
You barely miss the ogre.
The ogre is almost dead.
The ogre hits you with a +0 giant club!
You die...

#.......#####
#...###......#
...#>......'...#
#........#
..#.......###.###
#.#.#.)#
##.######### #...#
#.....# ..... ###.#
####.## .....######
#.# #..#
..........# #.#
##.## .....?....#
#O# #..#
..........#
###@#######.##
..........#
#...........#
..........#
#.......#####
##'####'###
#.......# #.
##.######.......#
..
###......÷........#
5
#<#..######.......#
. #.#..# #.......#
#.#÷.# #.......#


You could see an ogre.

Vanquished Creatures
  2 hounds (D:4)
  2 jellies (D:3)
  Ijyb (D:3)
  Terence (D:2)
  Robin (D:3)
  9 adders
  4 gnolls
  3 worms (D:2)
  4 dart slugs
  2 orcs (D:3)
  10 bats
  4 endoplasms
  4 giant cockroaches
  12 goblins
  11 hobgoblins
  An iguana (D:3)
  8 kobolds
  5 quokkas
  5 ball pythons
  5 frilled lizards (D:1)
  13 rats
107 creatures vanquished.

Vanquished Creatures (others)
  20 foxfires (D:1)
  2 fungi (D:2)
  45 plants (D:2)
67 creatures vanquished.

Grand Total: 174 creatures vanquished

Notes
Turn   | Place    | Note
-------+----------+-------------------------------------------
     0 | D:1      | Argons the Ghoul Fire Elementalist began the quest for the
                  | Orb.
     0 | D:1      | Reached XP level 1. HP: 14/14 MP: 2/2
   175 | D:1      | Reached skill level 1 in Fighting
   175 | D:1      | Reached skill level 1 in Unarmed Combat
   176 | D:1      | Reached XP level 2. HP: 23/23 MP: 0/3
   252 | D:1      | Learned a level 2 spell: Scorch
   879 | D:1      | Reached XP level 3. HP: 29/29 MP: 1/4
  1106 | D:1      | Reached skill level 2 in Unarmed Combat
  1428 | D:2      | Found a faded altar of an unknown god.
  1744 | D:2      | Reached skill level 3 in Unarmed Combat
  1744 | D:2      | Reached XP level 4. HP: 12/36 MP: 2/5
  2361 | D:2      | Noticed Terence
  2402 | D:2      | Killed Terence
  2403 | D:2      | Reached skill level 4 in Unarmed Combat
  2603 | D:2      | Reached XP level 5. HP: 41/41 MP: 2/6
  2912 | D:3      | Identified the -2 helmet of the Pits of Slime {+Blink rPois
                  | Str+2}
  2912 | D:3      | Noticed Robin
  3352 | D:3      | Noticed Ijyb
  3367 | D:3      | Killed Ijyb
  3368 | D:3      | Reached skill level 5 in Unarmed Combat
  3623 | D:3      | Found a shimmering altar of Xom.
  3971 | D:3      | Killed Robin
  4213 | D:3      | Reached XP level 6. HP: 45/48 MP: 4/7
  4251 | D:3      | Reached skill level 6 in Unarmed Combat
  5496 | D:4      | Noticed Grinder
  5808 | D:4      | Reached skill level 7 in Unarmed Combat
  6050 | D:4      | Mangled by an ogre

Illustrated notes

Levels and vault maps discovered:
D:1:      dpeg_arrival_shelter, layout_loops_ring, minmay_bisected
D:2:      layout_basic, shapermc_ecumenical_altar_ellora, serial_bayou,
          serial_bayou_pond_a, serial_bayou_ford_a, serial_bayou_lagoon_a,
          serial_bayou_shore_a, uniq_terence
D:3:      layout_basic, dk_xom_monty_hall, uniq_ijyb, uniq_robin
D:4:      layout_basic, ebering_ghost_rock_garden, minmay_fractal_squares_5,
          uniq_grinder

Skill      XL: |  1  2  3  4  5  6 |
---------------+-------------------+-----
Fighting       | 1 2 |  2.0
Unarmed Combat | 1 3 4 5 7 |  7.0
Dodging        | |  1.7
Stealth        | |  2.1
Spellcasting   | |  1.7
Conjurations   | |  0.7
Fire Magic     | |  2.4

Action                   |  1- 3 |  4- 6 || total
-------------------------+-------+-------++-------
Melee: Unarmed           |    61 |   112 ||   173
       Punch             |       |     2 ||     2
 Cast: Foxfire           |    13 |       ||    13
       Scorch            |    21 |    79 ||   100
  Use: Scroll            |     2 |     5 ||     7
 Stab: Sleeping          |     1 |       ||     1
Armor: Robe              |    24 |    36 ||    60
Dodge: Dodged            |    40 |    60 ||   100

Table legend: (Time is in decaauts)
 A = Elapsed time spent in this place.
 B = Non-inter-level travel time spent in this place.
 C = Inter-level travel time spent in this place.
 D = Time resting spent in this place.
 E = Time spent auto-exploring this place.
 F = Levels seen in this place.
 G = Mean time per level.
                   A        B        C        D        E       F      G
               +--------+--------+--------+--------+--------+-----+--------+
         Total |   6074 |   5920 |    154 |   2690 |      0 |   4 | 1518.5 |
       Dungeon |   6074 |   5920 |    154 |   2690 |      0 |   4 | 1518.5 |
               +--------+--------+--------+--------+--------+-----+--------+

Top non-repeatable levels by time:
     D:3: 2083 daAuts
     D:1: 1543 daAuts
     D:2: 1470 daAuts
     D:4: 977 daAuts
